 Dungeon Crawl Stone Soup version 0.32-a0-818-gb728d0252e (webtiles) character file.

Game seed: 7512624060734671510

7 Esekla the Sneak (level 2, 21/21 HPs)
             Began as an Octopode Delver on Mar 24, 2024.
             Quit the game on level 5 of the Dungeon.
             The game lasted 00:04:12 (357 turns).

Esekla the Sneak (Octopode Delver)                   Turns: 357, Time: 00:04:12

Health: 21/21      AC:  1    Str: 11    XL:     2   Next: 0%
Magic:  2/2        EV: 12    Int: 12    God:
Gold:   37         SH:  0    Dex: 13    Spells: 1/1 levels left

rFire   . . .        a - +0 falchion
rCold   . . .        (no shield)
rNeg    . . .        (helmet restricted)
rPois   .            (no amulet)
rElec   .            (no ring)
rCorr   .            (no ring)
SInv    .            (no ring)
Will    .....        (no ring)
Stlth   ++++         (no ring)
HPRegen 0.23/turn    (no ring)
MPRegen 0.08/turn    (no ring)
                     (no ring)

%: no passive effects
@: no status effects
A: almost no armour, amphibious, 8 rings, camouflage 1, gelatinous body 1,
(nimble swimmer 1), tentacles
a: no special abilities


You were on level 5 of the Dungeon.
You visited 1 branch of the dungeon, and saw 1 of its levels.

You collected 37 gold pieces.

Inventory:

Hand Weapons
 a - a +0 falchion (weapon)
Jewellery
 c - an amulet of faith
Wands
 f - a wand of digging (2)
Scrolls
 b - a scroll of fog
Potions
 e - a potion of haste


   Skills:
 + Level 3.0 Fighting
 + Level 2.0 Long Blades
 + Level 2.0 Dodging
 + Level 7.0 Stealth


You had one spell level left.
You didn't know any spells.
Your spell library contained the following spells:

 Spells                   Type           Power      Damage    Failure   Level
 Dazzling Flash           Conj/Hex       0%         N/A       69%         3
 Mephitic Cloud           Conj/Alch/Air  0%         N/A       69%         3
 Curse of Agony           Necr           0%         N/A       100%        5
 Silence                  Hex/Air        0%         N/A       100%        5


Dungeon Overview and Level Annotations

Branches:
Dungeon (5/15)
 Temple: D:4-7

Altars:
Makhleb
Uskayaw
Vehumet
Wu Jian


Innate Abilities, Weirdness & Mutations

You cannot wear most types of armour.
You are amphibious.
You can wear up to eight rings at the same time.
Your skin changes colour to match your surroundings (Stealth+).
Your rubbery body absorbs attacks. (AC +1, EV +1)
((You are camouflaged when in or above water. (Stealth+)))
You have tentacles for arms and can constrict up to eight enemies at once.


Message History

You now have 26 gold pieces (gained 14).
Found a quarterstaff.
Found an ornate altar of the Wu Jian Council.
Found 11 gold pieces.
A gnoll comes into view. It is wielding a +0 flail.
The gnoll shouts!
You hear a shout!
You see here 11 gold pieces.
You now have 37 gold pieces (gained 11).
A gnoll comes into view. It is wielding a +0 whip.
Found 13 gold pieces.
A white imp comes into view.
You have 37 gold pieces.
Unknown command.
You see here 13 gold pieces.
The white imp shouts!
As you read the scroll of fear, it crumbles to dust.
You assume a fearsome visage.
The gnoll looks frightened!
The white imp looks frightened!
Found a radiant altar of Vehumet.
Found a stone staircase leading up.
An iguana and a jelly come into view.
Found a square blue amulet.
Found a burning altar of Makhleb.
The balrug shouts!
c - an amulet of faith
Aiming: Dig
Press: ? - help, Shift-Dir - straight line A rock wall.
The rock shatters into small pieces.
You hit the white imp. You grab the white imp. You squeeze the white imp.
You kill the white imp!
Your Stealth skill increases to level 7!
You have reached level 2!
Unknown command.
Found a stone staircase leading up.
Found a spear.
Found a book of Vapours.
A scorpion comes into view.
Found 9 gold pieces.
Found a hide-covered altar of Uskayaw.
An adder comes into view.
Are you sure you want to abandon this character and quit the game? (Confirm with "yes".)

**,* #.# #.#.#####.#.####
**,*** #.# *,#.#####.#.####
,,,,,* #.# *,#.#####.#.####
,***,**#####.# *,..# #.#.# ,*
*,,,,..##.# *,.## #.#.#
,***,***#.##.#####,,* ***#.#.#*
..,,,####.##.....#,,* *,,.....*
.#,#*#.........#.#,,* *,h....,*
.#.###.##.####.#@#,,***!......*
.#.##...#.####.#..............#
..............S##...###...o...#
.#)##...#.#....#,...# #....$.o#
.#.###.####.........#**,,,,,,,*
.#.###.#,,.....ß.....,,,,,,****
.#.....#,#...ß...ß$.##******
.......#,...........#
.#######._..ß.:...ß.*


There were no monsters in sight!

Vanquished Creatures
  A white imp (D:5)
1 creature vanquished.

Notes
Turn   | Place    | Note
-------+----------+-------------------------------------------
     0 | D:5      | Esekla the Octopode Delver began the quest for the Orb.
     0 | D:5      | Reached XP level 1. HP: 16/16 MP: 1/1
    15 | D:5      | Noticed an iguana
    31 | D:5      | Noticed an orc wizard
    31 | D:5      | Noticed a hound
   166 | D:5      | Found an ornate altar of the Wu Jian Council.
   277 | D:5      | Found a radiant altar of Vehumet.
   288 | D:5      | Noticed an iguana
   288 | D:5      | Noticed a jelly
   294 | D:5      | Found a burning altar of Makhleb.
   294 | D:5      | Noticed a balrug
   303 | D:5      | Reached skill level 7 in Stealth
   303 | D:5      | Reached XP level 2. HP: 21/21 MP: 2/2
   342 | D:5      | Found a hide-covered altar of Uskayaw.
   342 | D:5      | Noticed a scorpion
   357 | D:5      | Quit the game

Illustrated notes

Levels and vault maps discovered:
D:5:      layout_loops_ring, makhleb_altar_promises_db,
          nicolae_uskayaw_dance_hall, pdpol_wu_jian_five_deadly_venoms,
          lemuel_crystal_altar

Skill      XL: |  1 |
---------------+----+-----
Stealth        | 7 |  7.0
Fighting       | |  3.0
Long Blades    | |  2.0
Dodging        | |  2.0

Action                     || total
---------------------------++-------
  Melee: Falchion          ||     1
         Constrict         ||     1
         Tentacles         ||     1
  Evoke: Wand              ||     1
    Use: Scroll            ||     2

Table legend: (Time is in decaauts)
 A = Elapsed time spent in this place.
 B = Non-inter-level travel time spent in this place.
 C = Inter-level travel time spent in this place.
 D = Time resting spent in this place.
 E = Time spent auto-exploring this place.
 F = Levels seen in this place.
 G = Mean time per level.
                   A        B        C        D        E       F      G
               +--------+--------+--------+--------+--------+-----+--------+
         Total |    357 |    357 |      0 |      0 |      0 |   1 |  357.0 |
       Dungeon |    357 |    357 |      0 |      0 |      0 |   1 |  357.0 |
               +--------+--------+--------+--------+--------+-----+--------+

Top non-repeatable levels by time:
     D:5: 357 daAuts
